 Dungeon Crawl Stone Soup version 0.29.1-15-g9cfb28693d (webtiles) character file.

Game seed: 12966356416576860843

459 dudediamond6 the Shield-Bearer (level 7, -1/60 HPs)
             Began as a Gnoll Fighter on Feb 24, 2023.
             Succumbed to Sigmund's poison
             ... on level 4 of the Dungeon.
             The game lasted 00:05:47 (4807 turns).

dudediamond6 the Shield-Bearer (Gnoll Fighter)      Turns: 4807, Time: 00:05:48

Health: -1/60      AC: 10    Str: 17    XL:     7   Next: 6%
Magic:  10/10      EV:  6    Int:  8    God:
Gold:   158        SH:  9    Dex: 11    Spells: 10/10 levels left

rFire   . . .      SeeInvis .   a - +0 war axe
rCold   . . .      Faith    .   f - +0 kite shield
rNeg    . . .      Spirit   .   g - +0 chain mail
rPois   .          Reflect  .   (no helmet)
rElec   .          Harm     .   (no cloak)
rCorr   .          Rampage  .   (no gloves)
Will    .....                   (no boots)
Stlth   ..........              (no amulet)
HPRegen 0.20/turn               (no ring)
MPRegen 0.12/turn               (no ring)

@: lethally poisoned (-1 -> -12)
A: fangs 1, strong nose, distributed training
a: no special abilities


You were on level 4 of the Dungeon.
You visited 1 branch of the dungeon, and saw 4 of its levels.

You collected 158 gold pieces.

Inventory:

Hand Weapons
 a - a +0 war axe (weapon)
Armour
 f - a +0 kite shield (worn)
 g - a +0 chain mail (worn)
Wands
 m - a wand of flame (15) (quivered)
Scrolls
 b - a scroll of amnesia
 e - a scroll of identify
 l - 2 scrolls of teleportation
 o - a scroll of vulnerability
 p - a scroll of poison {unknown}
Potions
 c - a potion of resistance {unknown}
 d - a potion of degeneration
 h - a potion of brilliance
 i - 2 potions of invisibility
 k - a potion of attraction {unknown}
 n - a potion of curing {unknown}
 q - a potion of ambrosia {unknown}


   Skills:
 + Level 7.0 Fighting
 + Level 2.3 Short Blades
 + Level 2.3 Long Blades
 + Level 5.1 Axes
 + Level 2.3 Maces & Flails
 + Level 2.3 Polearms
 + Level 2.3 Staves
 + Level 2.3 Ranged Weapons
 + Level 2.3 Throwing
 + Level 7.0 Armour
 + Level 2.3 Dodging
 + Level 2.3 Stealth
 + Level 7.0 Shields
 + Level 2.3 Unarmed Combat
 + Level 2.3 Spellcasting
 + Level 1.9 Conjurations
 + Level 1.9 Hexes
 + Level 1.9 Summonings
 + Level 1.9 Necromancy
 + Level 1.9 Translocations
 + Level 1.9 Transmutations
 + Level 1.9 Fire Magic
 + Level 1.9 Ice Magic
 + Level 1.9 Air Magic
 + Level 1.9 Earth Magic
 + Level 1.9 Poison Magic
 + Level 2.5 Invocations
 + Level 2.3 Evocations


You had 10 spell levels left.
You didn't know any spells.
Your spell library contained the following spells:

 Spells                   Type           Power      Damage    Failure   Level
 Slow                     Hex            16%        N/A       99%         1
 Sting                    Tmut/Pois      16%        1d3       99%         1
 Sublimation of Blood     Necr           4%         N/A       100%        2
 Confusing Touch          Hex            4%         N/A       100%        3
 Vampiric Draining        Necr           4%         2d6       100%        3


Dungeon Overview and Level Annotations

Branches:
Dungeon (4/15)
 Temple: D:4-7

Altars:
Makhleb
Wu Jian

Annotations:
D:4 Sigmund


Innate Abilities, Weirdness & Mutations

You have very sharp teeth.
Your uncanny sense of smell can sniff out nearby items.
Your experience applies equally to all skills.


Message History

You block the puff of flame.
Things that are here:
a +0 short sword; 2 stones; 2 poisoned darts You barely miss Sigmund.
Your bite misses Sigmund.
Sigmund is severely wounded.
You feel sick. Sigmund closely misses you.
You barely miss Sigmund.
Sigmund is severely wounded.
You feel sick. You block Sigmund's attack.
You completely miss Sigmund.
Sigmund is severely wounded.
You feel sick. Sigmund casts a spell at you. The magic dart hits you.
You barely miss Sigmund. Your bite misses Sigmund.
Sigmund is severely wounded.
You feel sick.
You are no longer poisoned.
Sigmund hits you with a +0 scythe of venom.
* * * LOW HITPOINT WARNING * * *
You are poisoned.
Unknown command.
You barely miss Sigmund.
Sigmund is severely wounded.
You feel very sick. You block Sigmund's attack.
You barely miss Sigmund. Your bite misses Sigmund.
Sigmund is severely wounded.
You feel very sick.
Sigmund hits you with a +0 scythe of venom.
* * * LOW HITPOINT WARNING * * *
You are lethally poisoned!
You closely miss Sigmund.
Sigmund is severely wounded.
* * * LOW HITPOINT WARNING * * *
You feel very sick. You block Sigmund's attack.
You closely miss Sigmund.
Sigmund is severely wounded.
You die...

#......#
#..###.### ###
#..###...# #.#
##..##....###.#
####......_......#
..#..###....##...#
# ≈)))##
#...###..####.#
..#.<#
###.###..#....#
8.#..# #......@@#
.....# #......###
≈...## .......##
..#.. .#.##...
.#### >.. #..[ #
## #.. ∆ #..


You could see Sigmund.

Vanquished Creatures
  A black bear (D:4)
  A hound (D:3)
  2 orc priests (D:4)
  Jessica (D:3)
  Terence (D:3)
  An orc wizard (D:3)
  Natasha (thrice) (D:2)
  4 adders
  A gnoll (D:3)
  An ufetubus (D:4)
  6 orcs
  2 ball pythons
  11 endoplasms
  A giant cockroach (D:1)
  6 goblins
  10 hobgoblins
  2 jackals
  2 quokkas
  6 bats
  7 frilled lizards
  12 kobolds
  4 rats
85 creatures vanquished.

Notes
Turn   | Place    | Note
-------+----------+-------------------------------------------
     0 | D:1      | dudediamond6 the Gnoll Fighter began the quest for the Orb.
     0 | D:1      | Reached XP level 1. HP: 23/23 MP: 1/1
   209 | D:1      | Got the Catalogue of Macabre Evolution
   224 | D:1      | Reached XP level 2. HP: 29/29 MP: 2/2
   327 | D:1      | Found a faded altar of an unknown god.
   582 | D:1      | Reached XP level 3. HP: 35/35 MP: 3/3
   725 | D:1      | Reached skill level 1 in Invocations
  1105 | D:2      | Reached skill level 1 in Short Blades
  1105 | D:2      | Reached skill level 1 in Long Blades
  1105 | D:2      | Reached skill level 1 in Maces & Flails
  1105 | D:2      | Reached skill level 1 in Polearms
  1105 | D:2      | Reached skill level 1 in Staves
  1105 | D:2      | Reached skill level 1 in Ranged Weapons
  1105 | D:2      | Reached skill level 1 in Throwing
  1105 | D:2      | Reached skill level 1 in Dodging
  1105 | D:2      | Reached skill level 1 in Stealth
  1105 | D:2      | Reached skill level 1 in Unarmed Combat
  1105 | D:2      | Reached skill level 1 in Spellcasting
  1105 | D:2      | Reached skill level 1 in Evocations
  1306 | D:2      | Reached XP level 4. HP: 41/41 MP: 5/5
  1920 | D:2      | Noticed Natasha
  1923 | D:2      | Killed Natasha
  1924 | D:2      | Reached skill level 1 in Conjurations
  1924 | D:2      | Reached skill level 1 in Hexes
  1924 | D:2      | Reached skill level 1 in Summonings
  1924 | D:2      | Reached skill level 1 in Necromancy
  1924 | D:2      | Reached skill level 1 in Translocations
  1924 | D:2      | Reached skill level 1 in Transmutations
  1924 | D:2      | Reached skill level 1 in Fire Magic
  1924 | D:2      | Reached skill level 1 in Ice Magic
  1924 | D:2      | Reached skill level 1 in Air Magic
  1924 | D:2      | Reached skill level 1 in Earth Magic
  1924 | D:2      | Reached skill level 1 in Poison Magic
  2348 | D:2      | Noticed Natasha
  2351 | D:2      | Killed Natasha
  2352 | D:2      | Reached XP level 5. HP: 41/47 MP: 5/7
  3049 | D:2      | Noticed Natasha
  3056 | D:2      | Killed Natasha
  3682 | D:3      | Noticed Terence
  3696 | D:3      | Killed Terence
  3708 | D:3      | Reached XP level 6. HP: 34/53 MP: 8/8
  3978 | D:3      | Reached skill level 5 in Axes
  4366 | D:3      | Noticed Jessica
  4372 | D:3      | Killed Jessica
  4460 | D:4      | Found an ornate altar of the Wu Jian Council.
  4716 | D:4      | Found a burning altar of Makhleb.
  4784 | D:4      | Noticed a black bear
  4789 | D:4      | Noticed Sigmund
  4791 | D:4      | Killed a black bear
  4792 | D:4      | Reached XP level 7. HP: 48/60 MP: 10/10
  4806 | D:4      | HP: 2/60 [poisoned by Sigmund]
  4807 | D:4      | Succumbed to Sigmund's poison

Illustrated notes

Levels and vault maps discovered:
D:1:      wander_arrival_lonely_grave, layout_basic, basic_ecumenical_altar
D:2:      layout_loops_corners, st_stairs_4, uniq_natasha
D:3:      minmay_diamond_boxcup, layout_rooms, uniq_terence, uniq_jessica
D:4:      minmay_angry_zag, layout_basic, dreamdust_divine_triumvirate,
          nicolae_overflow_crystal_walls, mainiacjoe_overflow_catwalk,
          minitemple, uniq_sigmund

Skill      XL: |  1  2  3  4  5  6 |
---------------+-------------------+-----
Invocations    | 1 2 |  2.5
Short Blades   | 1 2 |  2.3
Long Blades    | 1 2 |  2.3
Maces & Flails | 1 2 |  2.3
Polearms       | 1 2 |  2.3
Staves         | 1 2 |  2.3
Ranged Weapons | 1 2 |  2.3
Throwing       | 1 2 |  2.3
Dodging        | 1 2 |  2.3
Stealth        | 1 2 |  2.3
Unarmed Combat | 1 2 |  2.3
Spellcasting   | 1 2 |  2.3
Evocations     | 1 2 |  2.3
Conjurations   | 1 |  1.9
Hexes          | 1 |  1.9
Summonings     | 1 |  1.9
Necromancy     | 1 |  1.9
Translocations | 1 |  1.9
Transmutations | 1 |  1.9
Fire Magic     | 1 |  1.9
Ice Magic      | 1 |  1.9
Air Magic      | 1 |  1.9
Earth Magic    | 1 |  1.9
Poison Magic   | 1 |  1.9
Axes           | 5 |  5.1
Fighting       | 7 |  7.0
Armour         | 7 |  7.0
Shields        | 7 |  7.0

Action                   |  1- 3 |  4- 6 |  7- 9 || total
-------------------------+-------+-------+-------++-------
Melee: War axe           |    91 |   139 |     9 ||   239
       Bite              |     4 |    11 |       ||    15
Throw: Dart              |       |     2 |       ||     2
Evoke: Wand              |       |       |     6 ||     6
  Use: Scroll            |     2 |     4 |       ||     6
       Potion            |       |     1 |       ||     1
Armor: Scale mail        |     7 |       |       ||     7
       Chain mail        |    46 |    85 |     1 ||   132
Dodge: Dodged            |    19 |    36 |     1 ||    56
Block: Kite shield       |    52 |    73 |     8 ||   133
       Buckler           |     4 |       |       ||     4
